 Dungeon Crawl Stone Soup version 0.26.1-11-gd32895ea62 (webtiles) character file.

Game seed: 9293426772521245990

870 Zeld the Chucker (level 7, -3/68 HPs)
             Began as a Troll Hunter on June 12, 2021.
             Slain by Duvessa
             ... wielding a +0 short sword
              (8 damage)
             ... on level 5 of the Dungeon.
             The game lasted 00:06:02 (4652 turns).

Zeld the Chucker (Troll Hunter)                     Turns: 4652, Time: 00:06:03

Health: -3/68      AC:  6    Str: 23    XL:     7   Next: 73%
Magic:  6/6        EV: 11    Int:  7    God:
Gold:   245        SH:  5    Dex: 10    Spells: 6/6 levels left

rFire    . . .     SeeInvis .   (no weapon)
rCold    . . .     Faith    .   (no shield)
rNeg     . . .     Spirit   .   b - +0 robe
rPois    .         Reflect  +   (helmet restricted)
rElec    .         Harm     .   (no cloak)
rCorr    .         Rampage  .   (gloves unavailable)
Will     .....                  (boots unavailable)
Stlth    +.........             s - amulet of reflection
HPRegen  0.61/turn              (no ring)
MPRegen  0.10/turn              (no ring)

@: lethally poisoned (-3 -> -3), very slow
A: large, unfitting armour, claws 3, regeneration 1, shaggy fur 1, tough skin 3
a: no special abilities


You were on level 5 of the Dungeon.
You visited 1 branch of the dungeon, and saw 5 of its levels.
You also visited: Sewer.

You collected 245 gold pieces.

Inventory:

Missiles
 c - 5 large rocks
 d - 2 throwing nets (quivered)
 m - 8 javelins
Armour
 b - a +0 robe (worn)
Jewellery
 s - an amulet of reflection (around neck)
 y - an uncursed ring of resist corrosion
Wands
 x - a wand of acid (4)
Scrolls
 f - 5 scrolls of remove curse
 g - 4 scrolls of fear
 h - 3 scrolls of teleportation
 o - a scroll of enchant armour
 q - a scroll of fog {unknown}
 u - a scroll of enchant weapon {unknown}
 z - a scroll of amnesia {unknown}
 A - a scroll of random uselessness {unknown}
Potions
 a - 3 potions of heal wounds {unknown}
 e - a potion of lignification {unknown}
 i - a potion of attraction {unknown}
 k - a potion of haste {unknown}
 n - 6 potions of flight {unknown}
 t - 4 potions of curing {unknown}
 v - a potion of berserk rage {unknown}
 w - a potion of brilliance {unknown}


   Skills:
 + Level 3.9 Fighting
 * Level 6.8 Throwing
 + Level 3.9 Dodging
 - Level 0.3 Stealth


You had 6 spell levels left.
You didn't know any spells.
Your spell library was empty.

Dungeon Overview and Level Annotations

Branches:
Dungeon (5/15)             Temple (0/1) D:5           Sewer (visited)

Altars:
Elyvilon
Ru

Annotations:
D:5 Dowan, Duvessa


Innate Abilities, Weirdness & Mutations

You are too large for most types of armour.
You have claws for hands.
Your natural rate of healing is unusually fast.
You are covered in fur. (AC +1)
You have extremely tough skin. (AC +3)


Message History

The bolt of acid hits the worm!
The worm is splashed with acid.
The acid corrodes the worm!
The worm is severely wounded.
The giant cockroach bites you.
* * * LOW HITPOINT WARNING * * *
The giant cockroach bites you but does no damage.
Unknown command.
Aiming: Corrosive Bolt
Press: ? - help, Shift-Dir - straight line You feel sick.
Duvessa barely misses you. Duvessa hits you with a +0 short sword.
* * * LOW HITPOINT WARNING * * *
The giant cockroach closely misses you.
Unknown command.
You enter the shallow water.
Moving in this stuff is going to be slow.
Duvessa hits you with a +0 short sword!
* * * LOW HITPOINT WARNING * * *
Duvessa hits you with a +0 short sword!
You die...

##########
#.≈≈≈#≈e(#
##.≈≈≈#wB@#
#...≈eh††≈#
#(...≈'####
#(..≈≈≈≈≈≈#
#.....≈≈≈.#
#.......≈≈#
#.([......#
##(#########
#..#


You could see Duvessa (fast), Dowan, a worm (corroded), a jackal and a giant
cockroach.

Vanquished Creatures
  A phantom (D:4)
  A centaur (D:5)
  A big kobold (Sewer)
  Blork the orc (D:5)
  A scorpion (D:4)
  4 bullfrog skeletons
  A centaur zombie (D:5)
  An iguana (D:4)
  An orc wizard (D:4)
  2 worker ants (D:4)
  A hound skeleton (D:4)
  A howler monkey zombie (D:5)
  9 adders
  4 gnolls
  A white imp (D:4)
  An ooze (D:2)
  An adder skeleton (D:4)
  4 worms
  3 leopard geckos
  9 orcs
  7 giant cockroaches
  6 goblins
  9 hobgoblins
  3 jackals
  4 quokkas
  A ball python (D:5)
  6 bats
  5 frilled lizards
  A jackal skeleton (D:4)
  11 kobolds
  19 rats
120 creatures vanquished.

Notes
Turn   | Place    | Note
-------+----------+-------------------------------------------
     0 | D:1      | Zeld the Troll Hunter began the quest for the Orb.
     0 | D:1      | Reached XP level 1. HP: 19/19 MP: 0/0
   338 | D:1      | Reached XP level 2. HP: 27/28 MP: 1/1
   531 | D:1      | Reached skill level 4 in Throwing
   867 | D:2      | Reached XP level 3. HP: 34/35 MP: 2/2
  1025 | D:2      | Reached XP level 4. HP: 33/42 MP: 3/3
  1287 | D:2      | Found a white marble altar of Elyvilon.
  2160 | D:3      | Found a faded altar of an unknown god.
  2164 | D:3      | Reached XP level 5. HP: 50/50 MP: 4/4
  2641 | D:4      | Reached skill level 5 in Throwing
  2853 | D:4      | Reached XP level 6. HP: 20/59 MP: 5/5
  3381 | D:4      | Found a sacrificial altar of Ru.
  3455 | D:4      | Reached skill level 6 in Throwing
  3487 | D:4      | Reached XP level 7. HP: 67/67 MP: 6/6
  3862 | D:5      | Entered Level 5 of the Dungeon
  4286 | D:5      | Noticed Dowan
  4288 | D:5      | Noticed Duvessa
  4300 | D:5      | Noticed Blork the orc
  4322 | D:5      | Found a glowing drain.
  4331 | Sewer    | Entered a sewer
  4575 | Sewer    | Found a white marble altar of Elyvilon.
  4633 | D:5      | Killed Blork the orc
  4652 | D:5      | Slain by Duvessa

Illustrated notes

Levels and vault maps discovered:
D:1:      amcnicky_arrival_underground_garden, layout_basic,
          amcnicky_mini_corridor_feature, ebering_dispersal_statue_hall,
          hangedman_decor_riveting
D:2:      layout_basic, elyvilon_altar_3
D:3:      layout_loops_cross, chequers_ecumenical_altar_simple_redux,
          serial_rivers, chequers_serial_rivers_large_a,
          chequers_serial_rivers_micro_d, chequers_serial_rivers_room_a,
          chequers_serial_rivers_room_a, chequers_serial_rivers_micro_b,
          chequers_serial_rivers_micro_e
D:4:      layout_basic, nicolae_ru_the_path_less_chosen
D:5:      layout_rooms, minmay_temple_entry_trees, portal_sewer_entry_e,
          tso_altar, uniq_duvessa, uniq_blork_the_orc

Skill      XL: |  1  2  3  4  5  6 |
---------------+-------------------+-----
Throwing       | 4 5 6 |  6.8
Dodging        | 2 3 |  3.9
Fighting       | 2 3 |  3.9
Stealth        | |  0.3

Action                   |  1- 3 |  4- 6 |  7- 9 || total
-------------------------+-------+-------+-------++-------
Melee: Unarmed           |   110 |   277 |   128 ||   515
Evoke: Wand              |       |       |     2 ||     2
  Use: Scroll            |       |       |     8 ||     8
 Stab: Sleeping          |       |     1 |       ||     1
Armor: Robe              |    42 |    68 |    62 ||   172
Dodge: Dodged            |    74 |   102 |   123 ||   299
Block: Other             |       |    39 |    56 ||    95
       Reflection        |       |       |     2 ||     2
